 Dungeon Crawl Stone Soup version 0.30-a0-54-g2e61a25929 (webtiles) character file.

Game seed: 12961762565881898584

23 jlumianski the Chopper (level 2, -7/22 HPs)
             Began as a Demonspawn Gladiator on Sept 9, 2022.
             Killed by nerve-wracking pain
             ... invoked by Jessica
              (9 damage)
             ... on level 2 of the Dungeon.
             The game lasted 00:04:27 (1429 turns).

jlumianski the Chopper (Demonspawn Gladiator)       Turns: 1429, Time: 00:04:28

Health: -7/22      AC:  5    Str: 14    XL:     2   Next: 75%
Magic:  0/2        EV: 12    Int:  9    God:
Gold:   109        SH:  4    Dex: 14    Spells: 1/1 levels left

rFire   . . .      SeeInvis .    a - +0 war axe
rCold   . . .      Faith    .    (no shield)
rNeg    . . .      Spirit   +    b - +0 leather armour
rPois   .          Reflect  .    c - +0 helmet
rElec   .          Harm     .    o - +0 cloak
rCorr   .          Rampage  .    (no gloves)
Will    .....                    (no boots)
Stlth   +.........               q - amulet of guardian spirit
HPRegen 0.07/turn                (no ring)
MPRegen 0.08/turn                (no ring)

@: slowed, very slow
A: condensation shield
a: no special abilities


You were on level 2 of the Dungeon.
You visited 1 branch of the dungeon, and saw 4 of its levels.

You collected 109 gold pieces.

Inventory:

Hand Weapons
 a - a +0 war axe (weapon)
Missiles
 d - 3 throwing nets (quivered)
 e - a javelin
Armour
 b - a +0 leather armour (worn)
 c - a +0 helmet (worn)
 o - a +0 cloak (worn)
Jewellery
 q - an amulet of guardian spirit (around neck)
Scrolls
 f - a scroll of amnesia
 g - a scroll of enchant armour {unknown}
 h - a scroll of enchant weapon {unknown}
 j - a scroll of summoning {unknown}
 l - a scroll of teleportation {unknown}
 n - a scroll of vulnerability {unknown}
 p - a scroll of blinking {unknown}
Potions
 i - a potion of resistance
 m - a potion of might {unknown}


   Skills:
 + Level 2.1 Fighting
 + Level 3.1 Axes
 + Level 1.8 Throwing
 + Level 0.3 Armour
 + Level 3.0 Dodging
 + Level 0.2 Stealth


You had one spell level left.
You didn't know any spells.
Your spell library contained the following spells:

 Spells                   Type           Power      Damage    Failure   Level
 Inner Flame              Hex/Fire       0%         N/A       83%         3
 Cause Fear               Hex            0%         N/A       99%         4
 Blade Hands              Tmut           0%         N/A       100%        5
 Irradiate                Conj/Tmut      0%         3d11      100%        5
 Dragon Form              Tmut           0%         N/A       100%        7
 Discord                  Hex            0%         N/A       100%        8


Dungeon Overview and Level Annotations

Branches:
Dungeon (4/15)
 Temple: D:4-7

Altars:

Annotations:
D:2 Jessica


Innate Abilities, Weirdness & Mutations

A meltable shield of frost defends you. (SH +4)


Message History

Unknown command.
Found 7 stones.
Jessica shouts!
Jessica gestures wildly.
Found a clear potion.
Found a stone staircase leading down.
Jessica grins evilly.
Jessica gestures at you while chanting. Pain shoots through your body!
Ouch! That really hurt!
Jessica barely misses you.
You closely miss Jessica. Jessica barely misses you.
Jessica hits you with a +0 club.
You closely miss Jessica. Jessica hits you but does no damage.
You barely miss Jessica. Jessica casts a spell at you.
You feel yourself slow down.
You barely miss Jessica. Jessica hits you with a +0 club.
Jessica casts a spell at you. Pain shoots through your body!
* * * LOW HITPOINT WARNING * * *
You hit Jessica but do no damage. Jessica gestures at you while chanting.
Pain shoots through your body!
* * * LOW HITPOINT WARNING * * *
Jessica shouts, "You're disturbing me!
I'll have to kill you!"
Jessica mumbles some strange words.
Jessica seems to speed up.
You feel better. You block Jessica's attack. Jessica hits you with a +0 club.
* * * LOW HITPOINT WARNING * * *
Jessica barely misses you.
You feel better. Jessica hits you with a +0 club. Jessica closely misses you.
You barely miss Jessica. Jessica hits you but does no damage.
Jessica hits you with a +0 club.
* * * LOW HITPOINT WARNING * * *
Jessica mumbles some strange words.
Jessica blinks!
Jessica mumbles something strange.
Jessica casts a spell at you. Pain shoots through your body!
You die...

##.#..........##
#.............#
#########..[.......#
##.....###..........#
##.......##..........#
#.........#.........##
#....................#
#............†.......#
#..!..@...#..........##
#...(@..[..............
#.........#..........##
#.........##........##
#.....(...###......##
#..>......# ########
#.........# ##.......##


You could see Jessica (fast).

Vanquished Creatures
  An adder (D:2)
  A giant cockroach (D:2)
  2 goblins
  2 hobgoblins (D:1)
  2 jackals (D:2)
  A quokka (D:1)
  2 bats (D:2)
  2 frilled lizards
  A rat (D:2)
14 creatures vanquished.

Vanquished Creatures (others)
  2 plants (D:1)
  13 withered plants (D:1)
15 creatures vanquished.

Grand Total: 29 creatures vanquished

Notes
Turn   | Place    | Note
-------+----------+-------------------------------------------
     0 | D:1      | jlumianski the Demonspawn Gladiator began the quest for the
                  | Orb.
     0 | D:1      | Reached XP level 1. HP: 16/16 MP: 1/1
   209 | D:2      | Gained mutation: A meltable shield of frost defends you.
                  | (SH +4) [demonic ancestry]
   209 | D:2      | Reached XP level 2. HP: 8/22 MP: 2/2
   734 | D:1      | Found a faded altar of an unknown god.
  1371 | D:2      | Noticed Jessica
  1424 | D:2      | HP: 1/22 [Jessica/nerve-wracking pain (2)]
  1429 | D:2      | Killed from afar by Jessica

Illustrated notes

Levels and vault maps discovered:
D:1:      minmay_arrival_radiant_lines, layout_rooms,
          shapermc_ecumenical_altar_flowoftime, chequers_serial_rivers_micro_c
D:2:      layout_rooms, minmay_misc_feat_five, grunt_decor_cap, uniq_jessica
D:3:      layout_loops_ring, overflow_temple_1_default,
          mainiacjoe_overflow_catwalk_spiral, minmay_misc_feat_columns
D:4:      wad_crossroads, layout_basic, minmay_temple_entry_butterflies,
          uniq_pikel

Skill      XL: |  1  2 |
---------------+-------+-----
Axes           | 3 |  3.1
Dodging        | 3 |  3.0
Fighting       | |  2.1
Throwing       | |  1.8
Armour         | |  0.3
Stealth        | |  0.2

Action                   || total
-------------------------++-------
Melee: War axe           ||    69
  Use: Potion            ||     5
       Scroll            ||     2
 Stab: Sleeping          ||     1
Armor: Leather armour    ||    18
Dodge: Dodged            ||    36
Block: Other             ||     5

Table legend: (Time is in decaauts)
 A = Elapsed time spent in this place.
 B = Non-inter-level travel time spent in this place.
 C = Inter-level travel time spent in this place.
 D = Time resting spent in this place.
 E = Time spent auto-exploring this place.
 F = Levels seen in this place.
 G = Mean time per level.
                   A        B        C        D        E       F      G
               +--------+--------+--------+--------+--------+-----+--------+
         Total |   1439 |   1409 |     30 |    363 |    598 |   4 |  359.8 |
       Dungeon |   1439 |   1409 |     30 |    363 |    598 |   4 |  359.8 |
               +--------+--------+--------+--------+--------+-----+--------+

Top non-repeatable levels by time:
     D:1: 948 daAuts
     D:2: 432 daAuts
     D:3: 56 daAuts
     D:4: 1 daAuts
